 Dungeon Crawl Stone Soup version 0.28-a0-823-gb444dcf96d (webtiles) character file.

Game seed: 9385415452307882871

111 siradein the Ruffian (level 4, 0/42 HPs)
             Began as a Troll Transmuter on Nov 9, 2021.
             Slain by an ogre (12 damage)
             ... on level 3 of the Dungeon.
             The game lasted 00:03:37 (1583 turns).

siradein the Ruffian (Troll Transmuter)             Turns: 1583, Time: 00:03:38

Health: 0/42       AC:  4    Str: 18    XL:     4   Next: 62%
Magic:  4/5        EV: 10    Int:  9    God:
Gold:   170        SH:  0    Dex: 11    Spells: 3/6 levels left

rFire   . . .      SeeInvis .     - Unarmed
rCold   . . .      Faith    .   (no shield)
rNeg    . . .      Spirit   .   a - +0 robe
rPois   .          Reflect  .   (helmet restricted)
rElec   .          Harm     .   (no cloak)
rCorr   .          Rampage  .   (gloves unavailable)
Will    .....                   (boots unavailable)
Stlth   +.........              (no amulet)
HPRegen 1.14/turn               (no ring)
MPRegen 0.09/turn               (no ring)

@: studying Crossbows
A: large, unfitting armour, claws 3, regeneration 1, shaggy fur 1, tough skin 1
a: no special abilities


You were on level 3 of the Dungeon.
You visited 1 branch of the dungeon, and saw 3 of its levels.

You collected 170 gold pieces.

Inventory:

Missiles
 f - 4 silver javelins
 j - 6 poisoned darts
Armour
 a - a +0 robe (worn)
Scrolls
 b - 2 scrolls of magic mapping {unknown}
 d - a scroll of vulnerability {unknown}
 e - a scroll of enchant weapon {unknown}
 g - a scroll of acquirement {unknown}
 h - a scroll of fear {unknown}
 i - 2 scrolls of identify {unknown}
 l - a scroll of teleportation {unknown}
Potions
 c - a potion of mutation {unknown}
 k - a potion of degeneration {unknown}


   Skills:
 + Level 1.6 Fighting
 + Level 2.2 Dodging
 + Level 3.6 Unarmed Combat
 + Level 1.8 Spellcasting
 + Level 2.0 Transmutations


You had 3 spell levels left.
You knew the following spells:

 Your Spells              Type           Power      Damage    Failure   Level
a - Beastly Appendage     Tmut           8%         N/A       16%         1
b - Wereblood             Tmut           4%         N/A       22%         2

Your spell library contained the following spells:

 Spells                   Type           Power      Damage    Failure   Level
 Passwall                 Tmut/Erth      1%         N/A       34%         2
 Spider Form              Tmut/Pois      2%         N/A       56%         3
 Swiftness                Air            0%         N/A       71%         3
 Ice Form                 Ice/Tmut       2%         N/A       92%         4
 Invisibility             Hex            0%         N/A       100%        6


Dungeon Overview and Level Annotations

Branches:
Dungeon (3/15)

Altars:
Yredelemnul

Shops:
D:2 ::


Innate Abilities, Weirdness & Mutations

You are too large for most types of armour.
You have claws for hands.
Your natural rate of healing is unusually fast.
You are covered in fur. (AC +1)
You have tough skin. (AC +1)


Message History

You now have 124 gold pieces (gained 2).
You now have 137 gold pieces (gained 13).
Found a stone staircase leading down.
Found a stone staircase leading up.
There is a stone staircase leading up here.
l - a scroll labelled ZANWUYNGAZO You now have 148 gold pieces (gained 11).
Found a stone staircase leading down.
You now have 162 gold pieces (gained 14).
You now have 170 gold pieces (gained 8).
An ogre comes into view. It is wielding a +0 giant club.
Found a basalt altar of Yredelemnul.
The ogre shouts!
An ogre is nearby!
Casting: Beastly Appendage (safe; 16% risk of failure)
Confirm with . or Enter, or press ? or * to list all spells.
You miscast Beastly Appendage.
You are very lightly contaminated with residual magic.
Nothing appears to happen.
Casting: Beastly Appendage (safe; 16% risk of failure)
Confirm with . or Enter, or press ? or * to list all spells.
You grow a pair of large bovine horns.
Your feet morph into talons.
Your transformation is almost over.
You claw the ogre! You claw the ogre, but do no damage. You headbutt the ogre!
The ogre is severely wounded.
The ogre hits you with a +0 giant club!!
Ouch! That really hurt!
You hear a shout! x3
You hear an angry hiss.
Your magical contamination has completely faded away.
You barely miss the ogre. You claw the ogre!
The ogre is almost dead.
The ogre hits you with a +0 giant club!
* * * LOW HITPOINT WARNING * * *
A gnoll comes into view. It is wielding a +0 club.
Your horns disappear.
Your talons disappear.
You scratch the ogre.
The ogre is almost dead.
The ogre hits you with a +0 giant club!
You die...

########
#..P.P # #..._
# ##..P ## #
g.. .# # #.#
.# # #.# .# #
#.# .#
#g#####.####.#
#...O@.......#
######...####
#....#.#
#.##...#
#.###### #.##
#..# ##.# #.#


You could see an ogre and a gnoll.

Vanquished Creatures
  A gnoll (D:1)
  4 adders
  2 dart slugs
  3 worms (D:2)
  An orc (D:3)
  3 ball pythons
  6 bats
  2 endoplasms
  9 goblins
  5 hobgoblins
  3 jackals (D:1)
  5 kobolds
  2 quokkas (D:2)
  5 rats
51 creatures vanquished.

Vanquished Creatures (others)
  A fungus (D:1)
1 creature vanquished.

Grand Total: 52 creatures vanquished

Notes
Turn   | Place    | Note
-------+----------+-------------------------------------------
     0 | D:1      | siradein the Troll Transmuter began the quest for the Orb.
     0 | D:1      | Reached XP level 1. HP: 18/18 MP: 1/1
    55 | D:1      | Found a faded altar of an unknown god.
   119 | D:1      | Reached skill level 1 in Fighting
   122 | D:1      | Reached XP level 2. HP: 24/27 MP: 3/3
   309 | D:1      | Reached XP level 3. HP: 27/33 MP: 2/4
   325 | D:1      | Learned a level 2 spell: Wereblood
   663 | D:2      | Found Ecagu's Book Shop.
   783 | D:2      | Found Adooluss's Book Boutique.
   816 | D:2      | Reached XP level 4. HP: 41/41 MP: 5/5
  1570 | D:3      | Found a basalt altar of Yredelemnul.
  1570 | D:3      | Noticed an ogre
  1583 | D:3      | Slain by an ogre

Illustrated notes

Levels and vault maps discovered:
D:1:      zaba_arrival_water, layout_basic, shapermc_ecumenical_altar_gd,
          nrook_campfire, minmay_tetromino_i2
D:2:      layout_basic, serial_shops, shop,
          nicolae_shop_competitors_out_of_business, hangedman_feature_mirror,
          minmay_distorted
D:3:      layout_loops_ring, yredelemnul_altar_generic

Skill      XL: |  1  2  3  4 |
---------------+-------------+-----
Fighting       | 1 |  1.6
Dodging        | 2 |  2.2
Transmutations | 2 |  2.0
Unarmed Combat | |  3.6
Spellcasting   | |  1.8

Action                   |  1- 3 |  4- 6 || total
-------------------------+-------+-------++-------
Melee: Unarmed           |    74 |    51 ||   125
       Demon trident     |     6 |       ||     6
       Kick              |     3 |     4 ||     7
       Headbutt          |     1 |     1 ||     2
       Punch             |     2 |     1 ||     3
 Cast: Beastly Appendage |     3 |     2 ||     5
Armor: Robe              |    24 |    10 ||    34
Dodge: Dodged            |    38 |    22 ||    60

Table legend: (Time is in decaauts)
 A = Elapsed time spent in this place.
 B = Non-inter-level travel time spent in this place.
 C = Inter-level travel time spent in this place.
 D = Time resting spent in this place.
 E = Time spent auto-exploring this place.
 F = Levels seen in this place.
 G = Mean time per level.
                   A        B        C        D        E       F      G
               +--------+--------+--------+--------+--------+-----+--------+
         Total |   1582 |   1531 |     51 |      0 |   1161 |   3 |  527.3 |
       Dungeon |   1582 |   1531 |     51 |      0 |   1161 |   3 |  527.3 |
               +--------+--------+--------+--------+--------+-----+--------+

Top non-repeatable levels by time:
     D:2: 712 daAuts
     D:1: 606 daAuts
     D:3: 263 daAuts
